 Dungeon Sprint DCSS version 0.30-a0-1008-g30c9307041 (webtiles) character file.

Game seed: 14422967474721769964

39 fozzywoppz the Trooper (level 3, -3/42 HPs)
             Began as an Ogre Gladiator on Apr 5, 2023.
             Was an Initiate of Okawaru.
             Slain by a gnoll
             ... wielding a +0 spear
             ... led by a gnoll sergeant
              (4 damage)
             ... in the Dungeon (Sprint VII: "The Pits").
             The game lasted 00:01:26 (201 turns).

fozzywoppz the Trooper (Ogre Gladiator)              Turns: 201, Time: 00:01:27

Health: -3/42      AC:  3    Str: 20    XL:     3   Next: 45%
Magic:  3/3        EV: 10    Int:  9    God:    Okawaru [......]
Gold:   0          SH:  0    Dex: 10    Spells: 2/2 levels left

rFire   . . .      SeeInvis .    l - +2 quarterstaff
rCold   . . .      Faith    .    (shield currently unavailable)
rNeg    . . .      Spirit   .    b - +0 robe
rPois   .          Reflect  .    c - +0 hat
rElec   .          Rampage  .    (no cloak)
rCorr   .          NoTele   +    (gloves unavailable)
Will    .....                    (boots unavailable)
Stlth   +                        (no amulet)
HPRegen 0.27/turn                (no ring)
MPRegen 0.08/turn                (no ring)

@: no status effects
A: large, unfitting armour, tough skin 1
a: Renounce Religion


You were in the Dungeon.
You worshipped Okawaru.
Okawaru was noncommittal.
You visited 1 branch

Inventory:

Hand Weapons
 l - a +2 quarterstaff (weapon)
Missiles
 d - 3 throwing nets (quivered)
 e - a large rock
Armour
 b - a +0 robe (worn)
 c - a +0 hat (worn)
Scrolls
 k - a scroll of blinking
 n - 5 scrolls of amnesia
 o - a scroll of butterflies
Potions
 h - a potion of haste
 i - 4 potions of magic
 j - 3 potions of berserk rage
 m - 2 potions of invisibility


   Skills:
 + Level 5.0 Fighting
 + Level 4.4 Staves
 + Level 3.7 Throwing
 + Level 4.0 Dodging


You had 2 spell levels left.
You didn't know any spells.
Your spell library was empty.

Dungeon Overview and Level Annotations

Branches:
Dungeon (1/1)

Altars:
Ashenzari
Cheibriados
Dithmenos
Elyvilon
Fedhas
Gozag
Hepliaklqana
Kikubaaqudgha
Makhleb
Nemelex Xobeh
Okawaru
Qazlal
Ru
Sif Muna
Trog
Uskayaw
Vehumet
Wu Jian
Xom
Yredelemnul
Zin
The Shining One
Jiyva
Lugonu


Innate Abilities, Weirdness & Mutations

You are too large for most types of armour.
You have tough skin. (AC +1)


Message History

The gnoll moves out of view.
You feel better.
The ufetubus hits you but does no damage.
The ufetubus hits you.
The gnoll hits you from afar with a +0 spear.
* * * LOW HITPOINT WARNING * * *
You feel much better. The ufetubus completely misses you.
The ufetubus closely misses you.
The gnoll hits you from afar with a +0 spear.
The gnoll misses you. The ufetubus hits you. x2
The gnoll shouts!
You sock the ufetubus!
You kill the ufetubus!
Okawaru accepts your kill.
The gnoll hits you from afar with a +0 spear.
The gnoll completely misses you.
A gnoll sergeant comes into view. It is wielding a +0 spear.
You sock the gnoll!
The gnoll is severely wounded.
The gnoll hits you from afar with a +0 spear. x2
The gnoll hits you with a +0 whip.
You hit the gnoll.
You kill the gnoll!
Okawaru accepts your kill. The gnoll barely misses you.
The gnoll closely misses you.
Your Fighting skill increases to level 5!
Your Dodging skill increases to level 4!
Unknown command.
The gnoll hits you with a +0 spear.
* * * LOW HITPOINT WARNING * * *
The gnoll hits you with a +0 spear.
* * * LOW HITPOINT WARNING * * *
You sock the gnoll!
The gnoll is heavily wounded.
The gnoll hits you from afar with a +0 spear.
* * * LOW HITPOINT WARNING * * *
The gnoll hits you with a +0 spear.
* * * LOW HITPOINT WARNING * * *
The gnoll sergeant barely misses you. The gnoll hits you with a +0 spear.
You die...

#+#####'#####......#..
#.)#..# #.........
#..'..# ####'#####
#.)#### #.......#
#..#..# #.......#
#..#..# #.......#
##'#gg#+###...<...#
#..)g....##.......#
#..@g....##.......#
###########.......#
#########


You could see a gnoll sergeant and 3 gnolls.

Vanquished Creatures
  2 gnolls (D)
  2 ufetubi (D)
  An adder skeleton (D)
  A bat zombie (D)
  A quokka (D)
  A ball python (D)
  A bat (D)
  A kobold (D)
10 creatures vanquished.

Notes
Turn   | Place    | Note
-------+----------+-------------------------------------------
     0 | D        | fozzywoppz the Ogre Gladiator began the quest for the Orb.
     0 | D        | Reached XP level 1. HP: 22/22 MP: 1/1
    36 | D        | Found a glowing golden altar of the Shining One.
    36 | D        | Found a glowing silver altar of Zin.
    36 | D        | Found a basalt altar of Yredelemnul.
    36 | D        | Found a shimmering altar of Xom.
    36 | D        | Found an ornate altar of the Wu Jian Council.
    36 | D        | Found a bloodstained altar of Trog.
    36 | D        | Found a shimmering blue altar of Sif Muna.
    36 | D        | Found a sacrificial altar of Ru.
    36 | D        | Found a stormy altar of Qazlal.
    36 | D        | Found an iron altar of Okawaru.
    36 | D        | Found a sparkling altar of Nemelex Xobeh.
    36 | D        | Found a burning altar of Makhleb.
    36 | D        | Found a viscous altar of Jiyva.
    36 | D        | Found a hazy altar of Hepliaklqana.
    36 | D        | Found an opulent altar of Gozag.
    36 | D        | Found a blossoming altar of Fedhas.
    36 | D        | Found a white marble altar of Elyvilon.
    36 | D        | Found a shadowy altar of Dithmenos.
    36 | D        | Found a snail-covered altar of Cheibriados.
    37 | D        | Found a radiant altar of Vehumet.
    37 | D        | Found a corrupted altar of Lugonu.
    38 | D        | Found a hide-covered altar of Uskayaw.
    38 | D        | Found an ancient bone altar of Kikubaaqudgha.
    38 | D        | Found a broken altar of Ashenzari.
    46 | D        | Became a worshipper of Warmaster Okawaru
    59 | D        | Reached skill level 3 in Fighting
    61 | D        | Reached XP level 2. HP: 32/32 MP: 2/2
    75 | D        | Reached skill level 4 in Fighting
   192 | D        | Reached XP level 3. HP: 27/40 MP: 3/3
   198 | D        | Noticed a gnoll sergeant
   200 | D        | Reached skill level 5 in Fighting
   201 | D        | HP: 1/42 [gnoll/+0 spear[a gnoll sergeant] (3)]
   201 | D        | Slain by a gnoll

Illustrated notes

Levels and vault maps discovered:
D:        pitsprint [storerooms_1, entrance_room_1, metal_vault_3, armoury_2,
          mini_pit_1, grid_room_1, main_hall_1, silver_pit, the_coven_1,
          the_vestibule_1, steel_vault_5, golden_pit, hallway_of_sentries,
          crystal_vault_4, iron_vault_1, final_vault]

Skill      XL: |  1  2  3 |
---------------+----------+-----
Fighting       | 3 4 5 |  5.0
Dodging        | 3 4 |  4.0
Throwing       | 3 |  3.7
Staves         | 4 |  4.4

Action                     || total
---------------------------++-------
  Melee: Quarterstaff      ||    27
    Use: Potion            ||     2
 Armour: Robe              ||    16
  Dodge: Dodged            ||    30

Table legend: (Time is in decaauts)
 A = Elapsed time spent in this place.
 B = Non-inter-level travel time spent in this place.
 C = Inter-level travel time spent in this place.
 D = Time resting spent in this place.
 E = Time spent auto-exploring this place.
 F = Levels seen in this place.
 G = Mean time per level.
                   A        B        C        D        E       F      G
               +--------+--------+--------+--------+--------+-----+--------+
         Total |    203 |    203 |      0 |    104 |      0 |   1 |  203.0 |
       Dungeon |    203 |    203 |      0 |    104 |      0 |   1 |  203.0 |
               +--------+--------+--------+--------+--------+-----+--------+

Top non-repeatable levels by time:
       D: 203 daAuts
